 Dungeon Crawl Stone Soup version 0.17-a0-1184-gb75be8f (webtiles) character file.

122 HEYYEYAAE the Gusty (level 5, -1/37 HPs)
             Began as a Human Air Elementalist on May 31, 2015.
             Slain by a gnoll
             ... wielding a +0 halberd
              (14 damage)
             ... on level 3 of the Dungeon on June 1, 2015.
             The game lasted 00:05:15 (2420 turns).

HEYYEYAAE the Gusty (Human Air Elementalist)        Turns: 2420, Time: 00:05:15

Health: -1/37      AC:  3    Str: 11    XL:     5   Next: 27%
Magic:  1/8        EV: 13    Int: 16    God:
Gold:   194        SH:  0    Dex: 13    Spells: 2 memorised, 5 levels left

rFire  . . .     SeeInvis .     f - +0 hand axe
rCold  . . .     Clarity  .     a - +0 robe
rNeg   . . .     SustAt   .     (no shield)
rPois  .         Gourm    .     (no helmet)
rElec  .         Spirit   .     l - +0 cloak
rCorr  .         Warding  .     (no gloves)
rMut   .         Stasis   +     (no boots)
MR     .....                    e - amulet of stasis
Stlth  ++........               (no ring)
                                j - +2 ring of strength

@: not resistant to hostile enchantments, unstealthy
A: no striking features
a: no special abilities


You were on level 3 of the Dungeon.
You were not hungry.

You visited 1 branch of the dungeon, and saw 3 of its levels.

You collected 194 gold pieces.

Inventory:

Hand weapons
 f - a +0 hand axe (weapon)
 t - a +0 war axe
Armour
 a - a +0 robe (worn)
 l - a +0 cloak (worn)
Jewellery
 e - an amulet of stasis (around neck)
 j - a +2 ring of strength (left hand)
Scrolls
 d - 9 scrolls of identify {unknown}
 g - a scroll of blinking {unknown}
 h - 3 scrolls of remove curse {unknown}
 o - a scroll of teleportation {unknown}
 p - a scroll of recharging {unknown}
 r - 3 scrolls of fear {unknown}
 s - a scroll of fog {unknown}
Potions
 i - a potion of magic {unknown}
 q - a potion of berserk rage {unknown}
Books
 b - a book of Air

   Spells                             Type                      Level
   a - Shock                          Conjuration/Air              1
   b - Swiftness                      Charms/Air                   2
   c - Repel Missiles                 Charms/Air                   2
   d - Static Discharge               Conjuration/Air              3
   e - Lightning Bolt                 Conjuration/Air              5
Comestibles
 c - 3 bread rations
 k - a slice of pizza
 m - a chunk of flesh
 n - a meat ration


   Skills:
 + Level 1.4 Fighting
 + Level 2.8 Dodging
 - Level 2.0 Stealth
 + Level 2.5 Spellcasting
 * Level 2.4 Conjurations
 * Level 3.8 Air Magic


You had 5 spell levels left.
You knew the following spells:

 Your Spells              Type           Power        Failure   Level  Hunger
a - Shock                 Conj/Air       ##..         8%          1    #......
b - Static Discharge      Conj/Air       ##......     17%         3    ###....


Dungeon Overview and Level Annotations

Branches:
Dungeon (3/15)

Altars:


Message History

Confirm with . or Enter, or press ? or * to list all spells.
Aiming: Shock
Press: ? - help, Shift-Dir - straight line, f/p - gnoll
Aim: a gnoll, wielding a halberd (almost dead)
The zap hits the gnoll.
The gnoll is almost dead.
Casting: Shock
Confirm with . or Enter, or press ? or * to list all spells.
Aiming: Shock
Press: ? - help, Shift-Dir - straight line, f/p - gnoll
Aim: a gnoll, wielding a halberd (almost dead)
The zap misses the gnoll.
The gnoll closely misses you. The gnoll barely misses you.
You barely miss the gnoll.
The gnoll is almost dead.
The gnoll hits you with a halberd.
Your magical contamination has completely faded away.
The gnoll hits you with a halberd!
The gnoll hits you from afar with a halberd!
You die...

#####.## #....)##.#
#####......# ###.#....##
###......##..# #.#.....#
.........##..#########.......#
###.##..............####.....#
....##....#..#......# ##...##
.................g..# ##.##
....###......#......# #.#
###.###...##.#..@...# #.#
...............###### #.#
#######......### #.# ###.####
#########.# # #.# #......##.#
#### #.# #.####.##.# ...#
#.#### #.####.##.# ##.#
#....## #.........#
########...####.##.#..###


You could see a gnoll.

Vanquished Creatures
  A gnoll (D:3)
  6 adders
  An ooze (D:2)
  A worm (D:2)
  A giant gecko (D:3)
  2 orcs (D:3)
  A giant cockroach (D:1)
  10 goblins
  4 hobgoblins
  7 jackals
  6 bats
  5 giant newts
  3 kobolds
  A quokka (D:2)
  4 rats
53 creatures vanquished.

Notes
Turn   | Place    | Note
--------------------------------------------------------------
     0 | D:1      | HEYYEYAAE the Human Air Elementalist began the quest for the Orb.
     0 | D:1      | Reached XP level 1. HP: 13/13 MP: 3/3
     0 | D:1      | Upgraded the game from 0.17-a0-1181-gabc46e6 to 0.17-a0-1184-gb75be8f
   307 | D:1      | Reached XP level 2. HP: 7/19 MP: 0/5
  1039 | D:2      | Reached XP level 3. HP: 12/25 MP: 0/6
  1185 | D:2      | Reached skill level 1 in Fighting
  1484 | D:2      | Learned a level 3 spell: Static Discharge
  1572 | D:2      | Reached XP level 4. HP: 29/32 MP: 7/7
  2223 | D:3      | Reached XP level 5. HP: 31/37 MP: 0/8
  2420 | D:3      | Slain by a gnoll

Vault maps used:
D:1:      matt_arrival_diagonals

Action                   |  1- 3 |  4- 6 || total
-------------------------+-------+-------++-------
Melee: Hand axe          |    48 |    22 ||    70
 Cast: Shock             |    57 |    46 ||   103
  Use: Potion            |     3 |       ||     3
 Stab: Sleeping          |     1 |       ||     1
  Eat: Chunk             |     3 |     3 ||     6
